 Dungeon Crawl Stone Soup version 0.25-a0-339-gb37b713 (webtiles) character file.

Game seed: 9508910164012677396, levelgen mode: deterministic

121191 Birdy the Fencer (level 16, -12/105 HPs)
             Began as a Tengu Gladiator on Dec 28, 2019.
             Was a Follower of Wu Jian.
             Shot with an arrow by a deep elf archer (23 damage)
             ... created by the fury of Okawaru
             ... on level 1 of the Swamp on Dec 29, 2019.
             The game lasted 01:17:14 (24910 turns).

Birdy the Fencer (Tengu Gladiator)                 Turns: 24910, Time: 01:17:15

Health: -12/105    AC: 14    Str: 18    XL:     16   Next: 84%
Magic:  8/8        EV: 35    Int: 14    God:    Wu Jian [*.....]
Gold:   2700       SH:  0    Dex: 24    Spells: 15/15 levels left

rFire    + . .     SeeInvis .   J - +11 plutonium sword {*Contam Stlth-}
rCold    . . .     Gourm    .   (shield currently unavailable)
rNeg     . . .     Faith    .   Z - +2 troll leather armour
rPois    +         Spirit   .   c - +0 hat
rElec    .         Reflect  .   I - +2 cloak "Pisooqagh" {Regen+ rCorr MP-9 Int+2}
rCorr    +         Harm     .   K - +1 pair of gloves {Dex+3}
MR       +....     Clarity  +   (boots unavailable)
Stlth    +++.......             k - amulet of the acrobat
HPRegen  1.07/turn              o - ring "Wicet" {rPois rF+ Str+3 Stlth+}
MPRegen  0.11/turn              M - +4 ring of slaying

@: berserk cooldown, flying quickly and evasively, hasted and slowed, quick
A: beak, talons 3, iridescent scales 1, clarity, clever 1, screaming 1, able to
fly
a: Stop Flying, Renounce Religion


You were on level 1 of the Swamp.
You worshipped Wu Jian.
Wu Jian was aware of your devotion.
You were not hungry.

You visited 5 branches of the dungeon, and saw 24 of its levels.
You also visited: Ice Cave and Volcano.

You collected 3220 gold pieces.
You spent 520 gold pieces at shops.

Inventory:

Hand Weapons
 J - the +11 plutonium sword (weapon) {*Contam Stlth-}
   (Okawaru gifted it to you on level 10 of the Dungeon)

   It causes magical contamination when unequipped.
   It makes you less stealthy.
 N - a +0 great sword of flaming
Missiles
 C - 5 silver javelins (quivered)
 W - 2 throwing nets
Armour
 a - a scarf of repulsion
 c - a +0 hat (worn)
 m - a +2 cloak of poison resistance
 n - quicksilver dragon scales
 G - a +2 leather armour of fire resistance
 I - the +2 cloak "Pisooqagh" (worn) {Regen+ rCorr MP-9 Int+2}
   (You acquired it on level 2 of the Lair of Beasts)

   It affects your intelligence (+2).
   It affects your magic capacity (-9).
   It increases your rate of regeneration.
   It provides partial protection from all sources of acid and corrosion.
 K - a +1 pair of gloves of dexterity (worn)
 Z - a +2 troll leather armour (worn)
Jewellery
 h - an uncursed amulet of magic regeneration
 k - an amulet of the acrobat (around neck)
 l - an uncursed ring of resist corrosion
 o - the ring "Wicet" (left hand) {rPois rF+ Str+3 Stlth+}
   (You found it on level 1 of the Swamp)

   [ring of strength]

   It affects your strength (+3).
   It protects you from fire.
   It protects you from poison.
   It makes you more stealthy.
 x - the ring "Bipsump" {+Fly rN+}
   (You found it in an ice cave)

   [ring of flight]

   It protects you from negative energy.
   It lets you fly.
 y - an uncursed ring of stealth
 B - an uncursed ring of protection from magic
 E - the ring "Oxigrifa" {*Tele +Inv Slay+3 SInv}
   (You found it on level 2 of the Lair of Beasts)

   [ring of teleportation]

   It may teleport you next to monsters.
   It affects your accuracy and damage with ranged weapons and melee attacks
   (+3).
   It lets you see invisible.
   It lets you turn invisible.
 L - an uncursed ring of protection from cold
 M - a +4 ring of slaying (right hand)
 O - an uncursed ring of protection from magic
 S - a +5 amulet of reflection
Wands
 b - a wand of disintegration (13)
 d - a wand of random effects (34)
 g - a wand of paralysis (11)
 q - a wand of flame (43)
 A - a wand of acid (4)
 P - a wand of iceblast (5)
 R - a wand of polymorph (9)
 X - a wand of digging (4)
Scrolls
 i - 5 scrolls of remove curse
 p - a scroll of enchant armour
 r - 8 scrolls of fear
 s - 3 scrolls of fog
 u - 4 scrolls of enchant weapon
 w - 2 scrolls of amnesia
 D - a scroll of teleportation
 T - 3 scrolls of magic mapping
 U - a scroll of blinking
Potions
 e - a potion of ambrosia
 j - 2 potions of lignification
 F - a potion of brilliance
 H - a potion of curing
Comestibles
 f - 48 rations


   Skills:
 + Level 13.6 Fighting
 * Level 19.9 Long Blades
 - Level 2.0 Throwing
 - Level 4.0 Armour
 + Level 17.6 Dodging
 - Level 3.5 Stealth
   Level 4.0 Shields


You had 15 spell levels left.
You didn't know any spells.
Your spell library contained the following spells:

 Spells                   Type           Power        Failure   Level  Hunger
 Confusing Touch          Hex            #.....       34%         1    ##.....
 Corona                   Hex            #......      34%         1    ##.....
 Sandblast                Erth           #.....       34%         1    ##.....
 Ensorcelled Hibernation  Hex/Ice        #.....       45%         2    ###....
 Passwall                 Tmut/Erth      #.......     45%         2    ###....
 Poisonous Vapours        Pois/Air       #.....       45%         2    ###....
 Slow                     Hex            #.......     45%         2    ###....
 Confuse                  Hex            #.......     71%         3    ####...
 Conjure Flame            Conj/Fire      #.......     71%         3    ####...
 Dazzling Flash           Conj/Hex       #.....       71%         3    ####...
 Gell's Gravitas          Tloc           #.........   71%         3    ####...
 Ignite Poison            Fire/Tmut/Pois #.......     71%         3    ####...
 Inner Flame              Hex/Fire       #.......     71%         3    ####...
 Mephitic Cloud           Conj/Pois/Air  #.......     71%         3    ####...
 Portal Projectile        Hex/Tloc       #.....       71%         3    ####...
 Recall                   Summ/Tloc      N/A          71%         3    ####...
 Tukima's Dance           Hex            #.......     71%         3    ####...
 Cause Fear               Hex            #.........   98%         4    #####..
 Leda's Liquefaction      Hex/Erth       #.........   98%         4    #####..
 Petrify                  Tmut/Erth      #.......     98%         4    #####..
 Aura of Abjuration       Summ           #.........   100%        5    ######.
 Bolt of Magma            Conj/Fire/Erth #.........   100%        5    ######.
 Borgnjor's Vile Clutch   Necr/Erth      #.........   100%        5    ######.
 Fireball                 Conj/Fire      #.........   100%        5    ######.
 Metabolic Englaciation   Hex/Ice        #.........   100%        5    ######.
 Silence                  Hex/Air        #.........   100%        5    ######.
 Summon Demon             Summ           #.........   100%        5    ######.
 Summon Forest            Summ/Tloc      #.........   100%        5    ######.
 Summon Mana Viper        Hex/Summ       #.......     100%        5    ######.
 Yara's Violent Unravell  Hex/Tmut       #.........   100%        5    ######.
 Darkness                 Hex            #.........   100%        6    #######
 Freezing Cloud           Conj/Ice/Air   #.........   100%        6    #######
 Iron Shot                Conj/Erth      #.........   100%        6    #######
 Shadow Creatures         Summ           N/A          100%        6    #######
 Starburst                Conj/Fire      #.........   100%        6    #######
 Statue Form              Tmut/Erth      #........    100%        6    #######
 Ring of Flames           Chrm/Fire      #.........   100%        7    #######
 Ignition                 Fire           #.........   100%        8    #######
 Shatter                  Erth           #.........   100%        9    #######


Dungeon Overview and Level Annotations

Branches:
Dungeon (14/15)            Temple (1/1) D:4            Lair (6/6) D:10
  Swamp (1/4) Lair:4       Spider (0/4) Lair:3        Slime (0/5) Lair:6
    Orc (2/2) D:11            Elf (0/3) Orc:2        Vaults (0/5) D:13
  IceCv (visited)         Volcano (visited)

Altars:
Ashenzari
Cheibriados
Dithmenos
Elyvilon
Fedhas
Gozag
Hepliaklqana
Kikubaaqudgha
Makhleb
Nemelex Xobeh
Okawaru
Qazlal
Ru
Sif Muna
Trog
Uskayaw
Vehumet
Wu Jian
Xom
Yredelemnul
Zin
The Shining One
Beogh

Shops:
D:11 (   Orc:1 *   Orc:2 }((?:


Innate Abilities, Weirdness & Mutations

You have a beak for a mouth.
You have claws for feet.
You can fly continuously.
You are partially covered in iridescent scales. (AC +2)
You possess an exceptional clarity of mind.
Your mind is acute. (Int +2)
You occasionally shout uncontrollably at your foes.


Message History

The tentacled monstrosity is severely wounded.
The tentacled monstrosity completely misses you.
You riposte.
You hit the tentacled monstrosity. You claw the tentacled monstrosity.
You peck the tentacled monstrosity, but do no damage.
The tentacled monstrosity is almost dead.
The tentacled monstrosity tentacle-slaps you but does no damage.
The tentacled monstrosity tentacle-slaps you.
* * * LOW HITPOINT WARNING * * *
x2 The tentacled monstrosity constricts you.
The deep elf archer casts a spell at you.
You feel momentarily confused.
The tentacled monstrosity's grasp on you weakens, but your attempt to escape fails.
The tentacled monstrosity misses you.
You riposte.
You slice the tentacled monstrosity!!
You kill the tentacled monstrosity!
The Council accepts your kill.
Your life force feels restored.
The deep elf archer shoots an arrow.
The arrow hits you!!
You die...

.♣♣ ♣♣♣♣ ♣.≈§≈≈≈...♣.....≈..≈.≈
§.♣♣♣♣♣♣♣♣♣.....≈..♣♣..§≈.≈≈≈.≈≈.
.≈♣......♣..≈.♣...♣♣♣≈÷≈§≈.≈....≈
..≈....≈≈...♣≈..♣♣♣♣♣.≈..≈.♣♣♣♣..
.....≈≈.≈≈♣♣ ♣...♣......>♣♣♣ ♣♣
≈.≈≈.....♣♣ ♣≈≈≈≈.♣♣♣♣≈♣♣
.≈≈≈≈...♣♣♣ ♣♣≈≈.≈.♣ ♣♣♣
...♣.≈....♣♣♣.♣≈≈≈.♣♣
..≈.♣♣.≈..≈♣♣e≈≈@≈.≈♣♣
≈^.♣♣.....≈...≈≈.≈≈..♣
≈≈.♣≈≈≈..≈....≈§....≈≈.≈.
≈§♣....♣♣..♣.♣♣♣♣♣♣♣......
♣♣♣♣.≈...♣♣♣♣♣ ♣♣♣♣♣♣ ♣≈.≈...≈♣
♣♣≈♣♣♣≈♣♣ ♣♣ ♣♣♣


You could see a deep elf archer.

Vanquished Creatures
  A tentacled monstrosity (Swamp:1)
  Rupert (Lair:6)
  A deep elf master archer (Swamp:1)
  2 titans
  A thorn hunter (Lair:5)
  Roxanne (D:14)
  3 fire giants
  An orc warlord (Swamp:1)
  The ghost of Nanoen the Nimble, a journeyman MfGl of Hepliaklqana (D:11)
  An ironheart preserver (D:13)
  A dire elephant (Swamp:1)
  Snorg (Lair:6)
  An ettin (Swamp:1)
  3 eidola (D:14)
  A great orb of eyes (D:14)
  9 hydras
  3 ice dragons
  A ghost crab (Swamp:1)
  A death knight (D:14)
  3 two-headed ogres
  5 alligators (Swamp:1)
  2 centaur warriors
  A shambling mangrove (Swamp:1)
  4 death yaks
  3 ogre magi
  A hell hog (Volcano)
  Nergalle (Orc:2)
  A fire crab (shapeshifter) (D:14)
  A fire crab (Volcano)
  3 skeletal warriors (D:14)
  A swamp dragon (Swamp:1)
  2 unseen horrors
  A deep elf archer (Swamp:1)
  5 phantasmal warriors (D:14)
  Pikel (D:5)
  2 wolf spider zombies (D:14)
  A harpy (D:14)
  A wolf spider (Lair:3)
  A cyclops (D:14)
  4 oklob plants
  10 ugly things
  8 orc sorcerers (Orc:2)
  3 manticores
  7 black mambas
  13 elephants (Lair:6)
  5 molten gargoyles
  Maurice (D:8)
  2 ice statues (IceCv)
  6 centaur zombies (D:14)
  Joseph (D:8)
  4 gargoyles
  2 torpor snails (Lair:6)
  5 rime drakes
  13 spiny frogs
  6 komodo dragons
  A kobold demonologist (D:10)
  2 efreet
  A freezing wraith (D:11)
  A queen bee (shapeshifter) (D:14)
  2 ice devils (D:14)
  9 polar bears (Lair:6)
  3 trolls
  A queen bee (D:8)
  3 tyrant leeches (Swamp:1)
  2 hornets (Swamp:1)
  A meliai zombie (D:14)
  3 bog bodies (Swamp:1)
  4 slime creatures (D:12)
  7 dream sheep
  15 hippogriffs
  A spriggan (Swamp:1)
  4 flying skulls (D:14)
  A vampire (D:13)
  7 wraiths
  44 yaks
  11 fire bats (Volcano)
  A wyvern (D:8)
  7 basilisks
  A hungry ghost (D:12)
  2 vampire mosquitoes (D:13)
  6 insubstantial wisps (Swamp:1)
  10 wargs
  3 swamp worms
  Edmund (D:4)
  An acid dragon (D:14)
  4 porcupines
  2 soldier ants
  16 water moccasins
  17 hell hounds
  17 ice beasts
  10 orc warriors
  6 swamp drakes (Swamp:1)
  5 phantoms
  13 black bears
  A necrophage (D:11)
  19 ogres
  4 sky beasts
  A boggart (D:13)
  31 wolves
  11 centaurs
  9 crocodiles
  16 big kobolds
  A gnoll sergeant (D:9)
  17 bullfrogs
  2 wyvern skeletons
  3 scorpions
  23 killer bees
  5 electric eels (Lair:4)
  10 wights
  2 howler monkeys
  5 crimson imps
  3 bullfrog zombies
  6 lava snakes (Volcano)
  2 quasits
  5 jellies
  11 orc priests
  2 bullfrog skeletons
  8 hounds
  9 centaur skeletons
  Jessica (D:2)
  3 iguanas
  32 orc wizards
  Natasha (thrice) (D:3)
  5 hell rats
  10 worker ants
  A hound zombie (D:10)
  2 hound skeletons
  2 worker ant zombies
  A howler monkey zombie (D:5)
  5 gnolls (D:9)
  A howler monkey skeleton (D:4)
  16 adders
  A shadow imp (D:13)
  An adder zombie (D:6)
  An ooze (D:2)
  2 adder skeletons
  5 worms
  3 dart slugs
  3 leopard geckos
  63 orcs
  2 ball pythons
  2 giant cockroaches
  9 goblins
  10 hobgoblins
  9 jackals
  5 quokkas
  A ball python skeleton (D:4)
  11 bats
  4 frilled lizards
  7 kobolds
  2 rats
  A fungus (Lair:2)
  2 plants
841 creatures vanquished.

Vanquished Creatures (others)
  A queen ant (Swamp:1)
  A dream sheep (Lair:5)
  2 slaves (D:5)
  An orc priest (D:5)
  2 human simulacra (D:9)
  An adder (D:5)
  A shadow imp (D:9)
  3 fungi (Lair:2)
  16 plants
28 creatures vanquished.

Grand Total: 869 creatures vanquished

Notes
Turn   | Place    | Note
-------+----------+-------------------------------------------
     0 | D:1      | Birdy the Tengu Gladiator began the quest for the Orb.
     0 | D:1      | Reached XP level 1. HP: 12/12 MP: 2/2
   178 | D:1      | Reached XP level 2. HP: 17/17 MP: 3/3
   486 | D:1      | Reached skill level 1 in Armour
   619 | D:2      | Reached XP level 3. HP: 19/21 MP: 4/4
  1321 | D:2      | Reached skill level 4 in Long Blades
  1321 | D:2      | Reached XP level 4. HP: 26/26 MP: 5/5
  1452 | D:2      | Found a sparkling altar of Nemelex Xobeh.
  1567 | D:2      | Found a stormy altar of Qazlal.
  1678 | D:2      | Noticed Jessica
  1686 | D:2      | Killed Jessica
  1686 | D:2      | Reached skill level 1 in Stealth
  2062 | D:3      | Gained mutation: You can fly continuously. [Tengu growth]
  2062 | D:3      | Reached XP level 5. HP: 30/31 MP: 6/6
  2161 | D:3      | Found a shadowy altar of Dithmenos.
  2293 | D:3      | Noticed an ogre
  2328 | D:3      | Killed an ogre
  2328 | D:3      | Reached skill level 1 in Shields
  2328 | D:3      | Reached XP level 6. HP: 29/36 MP: 7/7
  2430 | D:3      | Noticed Natasha
  2439 | D:3      | Killed Natasha
  2861 | D:3      | Noticed Natasha
  2871 | D:3      | Killed Natasha
  2879 | D:3      | Noticed Natasha
  2886 | D:3      | Killed Natasha
  3514 | D:4      | Reached skill level 5 in Dodging
  3570 | D:4      | Reached XP level 7. HP: 38/41 MP: 8/8
  3642 | D:4      | Reached skill level 5 in Long Blades
  3653 | D:4      | Found a staircase to the Ecumenical Temple.
  3775 | Temple   | Entered the Ecumenical Temple
  4113 | Temple   | Became a worshipper of Warmaster Okawaru
  4400 | D:5      | Entered Level 5 of the Dungeon
  4658 | D:5      | Noticed Edmund
  4906 | D:4      | Killed Edmund
  4906 | D:4      | Reached XP level 8. HP: 25/46 MP: 9/9
  5152 | D:5      | Reached * piety under Okawaru
  5187 | D:5      | Noticed Pikel
  5216 | D:5      | Killed Pikel
  5216 | D:5      | Reached skill level 6 in Long Blades
  5340 | D:5      | Reached ** piety under Okawaru
  5425 | D:5      | Reached skill level 7 in Long Blades
  5498 | D:5      | Reached XP level 9. HP: 52/52 MP: 10/10
  6662 | D:6      | Found a burning altar of Makhleb.
  6758 | D:6      | Found a hazy altar of Hepliaklqana.
  7249 | D:7      | Reached skill level 8 in Long Blades
  7521 | D:7      | Reached skill level 5 in Fighting
  7819 | D:7      | Reached *** piety under Okawaru
  8153 | D:8      | Noticed Maurice
  8163 | D:8      | Killed Maurice
  8435 | D:8      | Reached skill level 9 in Long Blades
  8435 | D:8      | Reached XP level 10. HP: 46/60 MP: 11/11
  8445 | D:8      | Noticed Joseph
  8476 | D:8      | Killed Joseph
  8476 | D:8      | Reached **** piety under Okawaru
  8729 | D:8      | Found a shattered altar of Ashenzari.
  8734 | D:8      | Found a snail-covered altar of Cheibriados.
  8735 | D:8      | Found a radiant altar of Vehumet.
  8735 | D:8      | Found a shimmering blue altar of Sif Muna.
  8735 | D:8      | Found an opulent altar of Gozag.
  8748 | D:8      | Found an ornate altar of the Wu Jian Council.
  8749 | D:8      | Found a bloodstained altar of Trog.
  8750 | D:8      | Found a shadowy altar of Dithmenos.
  8905 | D:8      | Received a gift from Okawaru
  9174 | D:8      | Reached skill level 10 in Long Blades
  9174 | D:8      | Reached skill level 10 in Dodging
  9757 | D:9      | Reached ***** piety under Okawaru
 10005 | D:10     | Entered Level 10 of the Dungeon
 10010 | D:10     | Noticed a gargoyle
 10029 | D:10     | Received a gift from Okawaru
 10074 | D:10     | Noticed a gargoyle
 10082 | D:10     | Killed a gargoyle
 10082 | D:10     | Reached XP level 11. HP: 66/66 MP: 12/12
 10141 | D:10     | Reached skill level 11 in Long Blades
 10271 | D:10     | Received a gift from Okawaru
 10272 | D:10     | Found the +11 plutonium sword {*Contam Stlth-}
 10486 | D:10     | Found a staircase to the Lair.
 10583 | D:10     | Gained mutation: Your magical capacity is low. (-10% MP)
                  | [potion of mutation]
 10583 | D:10     | Gained mutation: You are covered in fur. (AC +1) [potion of
                  | mutation]
 10874 | D:10     | Reached skill level 12 in Long Blades
 11132 | Lair:1   | Entered Level 1 of the Lair of Beasts
 11212 | Lair:1   | Reached ****** piety under Okawaru
 11217 | Lair:1   | Reached XP level 12. HP: 68/74 MP: 11/11
 11567 | Lair:1   | Received a gift from Okawaru
 12108 | Lair:2   | Identified a scroll of acquirement
 12110 | Lair:2   | Got a transparent cloak
 12121 | Lair:2   | Identified the +2 cloak "Pisooqagh" {Regen+ rCorr MP-9
                  | Int+2} (You acquired it on level 2 of the Lair of Beasts)
 12127 | Lair:2   | Got a clouded amber ring
 12128 | Lair:2   | Identified the ring "Oxigrifa" {*Tele +Inv Slay+3 SInv}
                  | (You found it on level 2 of the Lair of Beasts)
 12230 | Lair:2   | You are sucked into a shaft and drop 2 floors!
 12401 | Lair:2   | Received a gift from Okawaru
 12401 | Lair:2   | Reached skill level 13 in Long Blades
 12424 | Lair:2   | Found a dark tunnel.
 12433 | Volcano  | Entered a volcano
 12680 | Volcano  | Found a radiant altar of Vehumet.
 12680 | Volcano  | Noticed a hell hog
 12685 | Volcano  | Received a gift from Okawaru
 12692 | Volcano  | Killed a hell hog
 13032 | Lair:2   | Noticed an eight-headed hydra
 13049 | Lair:2   | Killed a three-headed hydra
 13379 | Lair:3   | Found a hole to the Spider Nest.
 13447 | Lair:3   | Reached XP level 13. HP: 80/80 MP: 3/12
 13459 | Lair:3   | Reached skill level 14 in Long Blades
 13592 | Lair:3   | Received a gift from Okawaru
 14417 | Lair:4   | Found a staircase to the Swamp.
 15218 | Lair:4   | Reached skill level 10 in Fighting
 15442 | Lair:5   | Received a gift from Okawaru
 15686 | Lair:5   | Reached skill level 15 in Long Blades
 15729 | Lair:5   | Reached skill level 15 in Dodging
 16224 | Lair:6   | Entered Level 6 of the Lair of Beasts
 16224 | Lair:6   | Noticed Snorg
 16232 | Lair:6   | Killed Snorg
 16232 | Lair:6   | Received a gift from Okawaru
 16356 | Lair:6   | Reached XP level 14. HP: 88/88 MP: 4/13
 16366 | Lair:6   | Noticed Rupert
 16380 | Lair:6   | Killed Rupert
 16414 | Lair:6   | Reached skill level 16 in Long Blades
 16748 | Lair:6   | Received a gift from Okawaru
 17496 | Lair:6   | Found a staircase to the Slime Pits.
 17662 | Lair:5   | Noticed a thorn hunter
 17662 | Lair:5   | an oklob plant changed into a thorn hunter
 17663 | Lair:5   | Killed a thorn hunter
 17663 | Lair:5   | Reached skill level 17 in Long Blades
 17842 | D:11     | Found Heyq's Antique Weapon Shop.
 17952 | D:11     | Found a staircase to the Orcish Mines.
 18063 | D:11     | Reached XP level 15. HP: 96/96 MP: 5/14
 18185 | D:11     | Found a runed translucent gate.
 18185 | D:11     | Found a runed translucent gate.
 18185 | D:11     | Found a runed translucent gate.
 18573 | D:11     | Noticed Nanoen's ghost (journeyman MfGl)
 18578 | D:11     | Received a gift from Okawaru
 18597 | D:11     | Killed Nanoen's ghost
 18703 | Orc:1    | Entered Level 1 of the Orcish Mines
 18727 | Orc:1    | Paralysed by an orc sorcerer for 2 turns
 18918 | Orc:1    | Found Sovymajy's Superlative Supplies.
 19302 | Orc:2    | Entered Level 2 of the Orcish Mines
 19307 | Orc:2    | Found a staircase to the Elven Halls.
 19457 | Orc:2    | Found Beugheph's Book Emporium.
 19540 | Orc:2    | Found Ujusa's Gadget Shop.
 19583 | Orc:2    | Found an ancient bone altar of Kikubaaqudgha.
 19584 | Orc:2    | Noticed Nergalle
 19592 | Orc:2    | Killed Nergalle
 19617 | Orc:2    | Found a radiant altar of Vehumet.
 19653 | Orc:2    | Found a roughly hewn altar of Beogh.
 19653 | Orc:2    | Found Wegyte Backa's Antique Weapon Boutique.
 19657 | Orc:2    | Paralysed by an orc sorcerer for 6 turns
 19694 | Orc:2    | Found Bovuax's Antique Weapon Shop.
 19702 | Orc:2    | Found Unlofic's Magic Scroll Shop.
 19710 | Orc:2    | Bought a scroll of acquirement for 520 gold pieces
 20051 | Orc:2    | Received a gift from Okawaru
 20052 | Orc:2    | Got a slimy robe {god gift}
 20059 | Orc:2    | Identified the +0 robe of the Five Continents {rPois Int+4}
                  | (Okawaru gifted it to you on level 2 of the Orcish Mines)
 20125 | Orc:2    | Lost mutation: Your magical capacity is low. (-10% MP)
                  | [potion of mutation]
 20125 | Orc:2    | Lost mutation: You are covered in fur. (AC +1) [potion of
                  | mutation]
 20125 | Orc:2    | Gained mutation: Your mind is acute. (Int +2) [potion of
                  | mutation]
 20125 | Orc:2    | Gained mutation: You occasionally shout uncontrollably at
                  | your foes. [potion of mutation]
 20125 | Orc:2    | Gained mutation: You sometimes yell uncontrollably at your
                  | foes. [potion of mutation]
 20125 | Orc:2    | Gained mutation: You have a pair of small horns on your
                  | head. [potion of mutation]
 20847 | D:13     | Reached skill level 18 in Long Blades
 21275 | D:13     | Found a gate to the Vaults.
 22012 | D:14     | Identified Roxanne's Handbook of the Mountains
 22012 | D:14     | Noticed Roxanne
 22031 | D:14     | Killed Roxanne
 22238 | D:14     | Received a gift from Okawaru
 22243 | D:14     | Reached XP level 16. HP: 74/103 MP: 8/17
 22256 | D:14     | HP: 3/103 [death knight/+2 halberd (29)]
 22348 | D:14     | Reached skill level 19 in Long Blades
 22429 | D:14     | Found a frozen archway.
 22443 | IceCv    | Entered an ice cave
 22816 | IceCv    | Got a flickering pewter ring
 22817 | IceCv    | Identified the ring "Bipsump" {+Fly rN+} (You found it in
                  | an ice cave)
 23137 | D:14     | Lost mutation: You sometimes yell uncontrollably at your
                  | foes. [potion of mutation]
 23137 | D:14     | Lost mutation: You have a pair of small horns on your head.
                  | [potion of mutation]
 23137 | D:14     | Gained mutation: You possess an exceptional clarity of
                  | mind. [potion of mutation]
 23137 | D:14     | Gained mutation: You are partially covered in iridescent
                  | scales. (AC +2) [potion of mutation]
 23553 | D:8      | Fell from the grace of Okawaru
 23553 | D:8      | Became a worshipper of the Wu Jian Council
 23863 | Swamp:1  | Entered Level 1 of the Swamp
 24012 | Swamp:1  | Noticed a deep elf master archer
 24021 | Swamp:1  | Killed a deep elf master archer
 24040 | Swamp:1  | Reached * piety under Wu Jian
 24113 | Swamp:1  | Noticed a titan
 24152 | Lair:4   | Killed a titan
 24431 | Swamp:1  | Noticed a tentacled monstrosity
 24842 | Swamp:1  | Got a shimmering steel ring
 24843 | Swamp:1  | Identified the ring "Wicet" {rPois rF+ Str+3 Stlth+} (You
                  | found it on level 1 of the Swamp)
 24894 | Swamp:1  | Noticed a titan
 24898 | Swamp:1  | Killed a titan
 24910 | Swamp:1  | Killed a tentacled monstrosity
 24910 | Swamp:1  | Shot with an arrow by a deep elf archer

Levels and vault maps discovered:
D:1:      dpeg_arrival_oval, layout_basic, minivault_19, minmay_pentomino_s2
D:2:      layout_loops_corners, old_standard_altar, grunt_ministairs_4,
          minmay_misc_feat_alley, nemelex_diamond_rough_becter, uniq_jessica
D:3:      layout_basic, first_ration, nicolae_dithmenos_shadow_blocks,
          uniq_natasha
D:4:      layout_cave_pools, minmay_temple_entry_grid, minmay_statues_item
D:5:      layout_basic, uniq_edmund, uniq_pikel
D:6:      layout_basic, lemuel_crystal_altar, basic_altar,
          hangedman_decor_points
D:7:      layout_basic
D:8:      layout_loops_ring, minitemple, david_nohive_1, uniq_joseph,
          uniq_maurice
D:9:      layout_roguey, bh_circular_ruins
D:10:     minmay_s_stair_smasher, layout_rooms, david_lair_shrubbed,
          special_room [special_room_kobold], minivault_8
D:11:     layout_gridville, orc_david_3, serial_shops, nicolae_shop_crystal,
          gammafunk_ghost_spectres
D:12:     layout_loops_ring
D:13:     layout_cave_pods, skrybe_vaults_entry_preservation
D:14:     hangedman_screamer, layout_long_grid, portal_ice_cave_demonic_guard,
          minivault_11, uniq_roxanne
Temple:   minmay_temple_forest_path
Lair:1:   layout_chaotic_city
Lair:2:   layout_misc_corridors, nicolae_volcano_entry_two_sided,
          grunt_megastairs_1
Lair:3:   layout_regular_city, spider_nest_entry_rubble, grunt_megastairs_5,
          infiniplex_staircase_pool
Lair:4:   layout_cave_pods, minmay_swamp_entry_eels, serial_bayou_shore_b
Lair:5:   cheibrodos_lair_river_kwai, layout_small_grid,
          chequers_serial_rivers_micro_b, minmay_lair_oklob_chamber
Lair:6:   hangedman_lair_caniforms_friends, layout_gridlike,
          minmay_slime_entry_oklob_enclosed, eino_small_chamber_without_monster,
          uniq_rupert, uniq_snorg
Swamp:1:  cheibrodos_swamp_monstrosity, layout_falls_marsh,
          nicolae_swamp_triple_paths, nicolae_swamp_dragon_and_kin
Orc:1:    layout_caves, nicolae_alphabet_shops, mines4_lemuel
Orc:2:    kennysheep_orc_mage_school, layout_diamond_mine, serial_shops,
          nicolae_shop_window_shopping, nooodl_orcs_dogs

Skill      XL: |  1  2  3  4  5  6  7  8  9 10 11 12 13 14 15 16 |
---------------+-------------------------------------------------+-----
Armour         | 1 2 3 4 |  4.0
Long Blades    | 4 5 7 9 10 12 13 15 17 18 19 | 19.9
Dodging        | 4 5 7 9 10 12 13 15 16 17 | 17.6
Stealth        | 1 2 3 |  3.5
Shields        | 1 2 3 4 |  4.0
Fighting       | 3 4 5 6 8 9 10 11 12 13 | 13.6
Throwing       | |  2.0

Action                   |  1- 3 |  4- 6 |  7- 9 | 10-12 | 13-15 | 16-18 || total
-------------------------+-------+-------+-------+-------+-------+-------++-------
Melee: Long sword        |    58 |   130 |   301 |   190 |       |       ||   679
       Peck              |    13 |    15 |    87 |   203 |   181 |    97 ||   596
       Kick              |    14 |    32 |   142 |   299 |   310 |   175 ||   972
       Scimitar          |       |       |       |   464 |   133 |       ||   597
       Great sword       |       |       |       |     5 |     8 |       ||    13
       Triple sword      |       |       |       |       |   473 |   292 ||   765
       Headbutt          |       |       |       |       |    56 |    44 ||   100
Throw: Boomerang         |       |       |    29 |       |       |       ||    29
       Throwing net      |       |       |     3 |     4 |       |       ||     7
       Dart              |       |       |     3 |     4 |       |       ||     7
       Javelin           |       |       |       |     8 |     7 |       ||    15
Invok: Heroism           |       |       |       |       |     1 |     1 ||     2
       Lunge             |       |       |       |       |       |    12 ||    12
       Whirlwind         |       |       |       |       |       |     1 ||     1
 Abil: Fly               |       |     1 |       |       |       |       ||     1
       Evoke Invisibilit |       |       |       |       |     1 |       ||     1
Evoke: Wand              |       |       |     5 |     6 |    14 |     1 ||    26
  Use: Potion            |       |     6 |     2 |     7 |     6 |     7 ||    28
       Scroll            |       |     8 |     3 |    16 |    12 |     8 ||    47
 Stab: Sleeping          |     6 |     6 |     5 |    13 |    14 |     2 ||    46
       Invisible         |       |     6 |       |       |     6 |       ||    12
       Held in net/web   |       |       |     4 |     4 |       |       ||     8
       Confused          |       |       |     1 |     4 |       |       ||     5
       Distracted        |       |       |       |     1 |     4 |       ||     5
  Eat: Chunk             |       |     9 |    13 |    14 |    21 |     2 ||    59
       Ration            |       |       |       |     1 |     2 |     2 ||     5
Armor: Leather armour    |     5 |    15 |    35 |    60 |    63 |       ||   178
       Skin              |       |    12 |       |       |       |       ||    12
       Troll leather arm |       |       |       |       |    16 |    33 ||    49
Dodge: Dodged            |    36 |   106 |   218 |   616 |   964 |   434 ||  2374
Block: Other             |       |     5 |       |       |       |       ||     5
       Buckler           |       |    19 |    58 |   174 |    20 |       ||   271
       Reflection        |       |     1 |       |       |       |       ||     1
       Rpst.: Long sword |    13 |    28 |    68 |    40 |       |       ||   149
       Scimitar          |       |       |       |   131 |    26 |       ||   157
       Triple sword      |       |       |       |       |   190 |    82 ||   272
       Great sword       |       |       |       |       |     1 |       ||     1

Table legend:
 A = Non-vault XP
 B = Vault XP
 C = Vault XP percentage of total XP
 D = Non-vault monster count
 E = Vault monster count
 F = Vault count percentage of total count
                 A         B        C        D         E       F
            +---------+---------+-------+---------+---------+-------
      Total |   88258 |   84873 |  49.0 |     517 |     299 |  36.6
            +---------+---------+-------+---------+---------+-------
        D:1 |      25 |       2 |   7.4 |      16 |       1 |   5.9
        D:2 |      73 |      47 |  39.2 |      18 |       6 |  25.0
        D:3 |     314 |      33 |   9.5 |      32 |       1 |   3.0
        D:4 |     346 |     157 |  31.2 |      25 |       1 |   3.8
        D:5 |    1368 |     629 |  31.5 |      30 |       1 |   3.2
        D:6 |     308 |       0 |   0.0 |      10 |       0 |   0.0
        D:7 |     518 |       0 |   0.0 |      16 |       0 |   0.0
        D:8 |    1160 |    1987 |  63.1 |      15 |      17 |  53.1
        D:9 |    1762 |       0 |   0.0 |      33 |       0 |   0.0
       D:10 |    3264 |    5385 |  62.3 |      23 |      33 |  58.9
       D:11 |    3105 |    3032 |  49.4 |      22 |       9 |  29.0
       D:12 |    3397 |       0 |   0.0 |      18 |       0 |   0.0
       D:13 |    4267 |    4138 |  49.2 |      22 |       9 |  29.0
       D:14 |   14820 |   20048 |  57.5 |      42 |      35 |  45.5
     Lair:1 |    3600 |       0 |   0.0 |      17 |       0 |   0.0
     Lair:2 |    2679 |    1473 |  35.5 |      17 |       4 |  19.0
     Lair:3 |    6563 |    1890 |  22.4 |      21 |       6 |  22.2
     Lair:4 |    3794 |     279 |   6.8 |      19 |       5 |  20.8
     Lair:5 |    5694 |    7303 |  56.2 |      23 |      11 |  32.4
     Lair:6 |   14337 |   14515 |  50.3 |      42 |      59 |  58.4
    Swamp:1 |   14481 |    4158 |  22.3 |      32 |       6 |  15.8
      Orc:1 |     625 |    1452 |  69.9 |       5 |       6 |  54.5
      Orc:2 |    1758 |    8147 |  82.3 |      19 |      46 |  70.8
      IceCv |       0 |    5388 | 100.0 |       0 |      20 | 100.0
    Volcano |       0 |    4810 | 100.0 |       0 |      23 | 100.0
            +---------+---------+-------+---------+---------+-------
